[Event "ICC tourney 2109 (75 10)"]
[Site "Internet Chess Club"]
[Date "2020.11.08"]
[Round "6"]
[White "SparkyNinja"]
[Black "AJ2000"]
[Result "1-0"]
[ICCResult "Black resigns"]
[WhiteElo "1568"]
[BlackElo "1635"]
[Opening "Ruy Lopez: 5.O-O"]
[ECO "C78"]
[NIC "RL.12"]
[Time "14:32:05"]
[PlyCount "109"]
[TimeControl "4500+10"]

1. e4 e5 2. Nf3 Nc6 3. Bb5 a6 4. Ba4 Nf6 5. O-O b5 6. Bb3 Bc5 7. c3 d6 8.
d4 Bb6 9. a4 Rb8 10. a5 Ba7 11. Be3 O-O 12. Nbd2 Re8 13. Bc2 Bg4 14. d5
Bxe3 15. fxe3 Ne7 16. h3 Bh5 17. g4 Bg6 18. g5 Nd7 19. Nh4 f6 20. gxf6 Nxf6
21. Nxg6 Nxg6 22. Nf3 Qd7 23. Kh2 h6 24. Rg1 Kh7 25. Rg2 Rg8 26. Qe2 Ne7
27. h4 g6 28. Rag1 Rg7 29. Bd3 c6 30. Qc2 Rf8 31. Nd2 h5 32. Be2 Neg8 33.
Nf3 Ng4+ 34. Rxg4 hxg4 35. Ng5+ Kh8 36. Bxg4 Qe7 37. dxc6 Nf6 38. Bh3 Rgg8
39. c7 Qxc7 40. Ne6 Qh7 41. Nxf8 Rxf8 42. Qg2 Rg8 43. Rd1 Rd8 44. Qg5 Kg7
45. Rf1 Rf8 46. Bf5 Qh5 47. Rg1 Qxg5 48. Rxg5 Rh8 49. Rxg6+ Kf7 50. Kg3
Nh5+ 51. Kg4 Nf6+ 52. Kh3 Rb8 53. Rg1 b4 54. c4 Rc8 55. Bxc8 { Black
resigns } 1-0

[Event "ICC tourney 2109 (75 10)"]
[Site "Internet Chess Club"]
[Date "2020.11.08"]
[Round "6"]
[White "Priccchess"]
[Black "pika0008"]
[Result "1-0"]
[ICCResult "Black checkmated"]
[WhiteElo "1792"]
[BlackElo "1751"]
[Opening "Sicilian: Labourdonnais-Löwenthal variation"]
[ECO "B32"]
[NIC "SI.32"]
[Time "14:32:16"]
[PlyCount "171"]
[TimeControl "4500+10"]

1. e4 c5 2. Nf3 Nc6 3. d4 cxd4 4. Nxd4 e5 5. Nxc6 bxc6 6. Nc3 Be7 7. Bc4
Nf6 8. O-O O-O 9. Bg5 d6 10. Bxf6 Bxf6 11. Qd3 a5 12. h3 Kh8 13. Rad1 Be7
14. b3 f5 15. f3 Qc7 16. g4 Rf6 17. Qe2 Rg6 18. Kh1 Rh6 19. Kg2 f4 20. a4
Rg6 21. Qd3 h5 22. Rh1 Rh6 23. Nb1 Bd8 24. Nc3 Qe7 25. Qe2 Bc7 26. Qf2 Bd7
27. Rd3 Rf8 28. Rdd1 Qd8 29. Rdf1 Bb6 30. Qe2 Qh4 31. Qe1 Qe7 32. Qe2 Qh4
33. Qe1 Qe7 34. Qe2 Be6 35. Bxe6 Rxe6 36. Qc4 Rh6 37. Qe2 Rd8 38. Rd1 Bd4
39. Nb1 Be3 40. Nc3 Bd4 41. Nb1 d5 42. exd5 Rxd5 43. Nd2 Be3 44. Nc4 Rxd1
45. Qxd1 e4 46. Qe2 hxg4 47. hxg4 Rxh1 48. Kxh1 exf3 49. Qxf3 Qh4+ 50. Kg2
Qe1 51. Ne5 Kg8 52. Nxc6 Kf8 53. Ne5 g5 54. Nc4 Bc5 55. Qa8+ Kf7 56. Qd5+
Kg7 57. Qxg5+ Kh7 58. Qf5+ Kg7 59. Qe5+ Qxe5 60. Nxe5 Bd4 61. Nd3 Kf6 62.
Nxf4 Be5 63. Kf3 Kg5 64. Ne2 Kf6 65. c3 Ke6 66. Ke4 Kd6 67. b4 axb4 68.
cxb4 Bg7 69. Nd4 Bf8 70. b5 Kd7 71. a5 Kc8 72. Kd5 Kb7 73. Ne6 Bb4 74. a6+
Ka7 75. g5 Be7 76. g6 Bf6 77. Kc6 Be5 78. b6+ Kxa6 79. g7 Bxg7 80. Nxg7 Ka5
81. b7 Ka4 82. b8=Q Ka3 83. Kc5 Ka2 84. Kc4 Ka1 85. Kc3 Ka2 86. Qb2# {
Black checkmated } 1-0

[Event "ICC tourney 2109 (75 10)"]
[Site "Internet Chess Club"]
[Date "2020.11.08"]
[Round "6"]
[White "jpbaligad"]
[Black "rmauskopf24"]
[Result "1-0"]
[ICCResult "Black checkmated"]
[WhiteElo "1939"]
[BlackElo "1736"]
[Opening "Sicilian: Prins variation, Venice attack"]
[ECO "B55"]
[NIC "SI.01"]
[Time "14:32:04"]
[PlyCount "83"]
[TimeControl "4500+10"]

1. e4 c5 2. Nf3 d6 3. d4 cxd4 4. Nxd4 Nf6 5. f3 e5 6. Bb5+ Bd7 7. Bxd7+
Qxd7 8. Nf5 d5 9. Ng3 d4 10. O-O Bc5 11. Kh1 O-O 12. c3 Nc6 13. Bg5 Ne8 14.
cxd4 Nxd4 15. Nc3 Nc7 16. Qd3 Nce6 17. Be3 Rfd8 18. Rfd1 g6 19. Nd5 Kg7 20.
Rac1 h5 21. Ne2 h4 22. h3 b6 23. Qd2 Nxe2 24. Qxe2 Bxe3 25. Qxe3 Rac8 26.
Qe1 Rxc1 27. Rxc1 g5 28. Qc3 f6 29. Qc6 Qf7 30. b4 Rd7 31. a4 Rb7 32. Kh2
Rd7 33. Qc3 Nf4 34. Ne3 Ne2 35. Nf5+ Kh7 36. Qc4 Nxc1 37. Qxc1 Rc7 38. Qd2
Qd7 39. Qa2 Qd3 40. Qe6 Rc2 41. Qf7+ Kh8 42. Qg7# { Black checkmated } 1-0

[Event "ICC tourney 2109 (75 10)"]
[Site "Internet Chess Club"]
[Date "2020.11.08"]
[Round "6"]
[White "JunlinTheWorld"]
[Black "saisneha"]
[Result "0-1"]
[ICCResult "White checkmated"]
[WhiteElo "1822"]
[BlackElo "1884"]
[Opening "Giuoco Piano"]
[ECO "C44"]
[NIC "SO.06"]
[Time "14:32:36"]
[PlyCount "142"]
[TimeControl "4500+10"]

1. e4 e5 2. Nf3 Nc6 3. d4 exd4 4. Bc4 Bc5 5. c3 Nf6 6. e5 d5 7. Bb5 Ne4 8.
cxd4 Bb6 9. O-O O-O 10. Nc3 Bg4 11. Bxc6 bxc6 12. Be3 Qd7 13. h3 Bxf3 14.
Qxf3 f6 15. exf6 Rxf6 16. Qe2 Nd6 17. b3 Re8 18. Qd3 Qf7 19. Rae1 Nf5 20.
Na4 Rg6 21. Kh2 Nh4 22. g3 Nf3+ 23. Kg2 Nxe1+ 24. Rxe1 Qf6 25. h4 Rf8 26.
f4 Re8 27. Nxb6 cxb6 28. Kh3 Qd6 29. h5 Qd7+ 30. f5 Rf6 31. g4 Re4 32. Bf2
Rxe1 33. Bxe1 c5 34. Bc3 Rf7 35. Bd2 Re7 36. h6 Re4 37. dxc5 bxc5 38. hxg7
Qd6 39. Bg5 Kxg7 40. f6+ Kf7 41. Qb5 Qc7 42. a3 Kg6 43. Bd2 Qf7 44. Qb8 c4
45. bxc4 dxc4 46. Kg3 c3 47. Bc1 c2 48. Qd8 Qb3+ 49. Kf2 Qb6+ 50. Qxb6 axb6
51. g5 Rd4 52. Ke3 Rd1 53. Bb2 c1=Q+ 54. Bxc1 Rxc1 55. Kf4 Rg1 56. Ke5
Rxg5+ 57. Kd6 Kxf6 58. a4 Ra5 59. Kc6 Rxa4 60. Kxb6 Rd4 61. Kc5 Rd1 62. Kc4
h5 63. Kc3 h4 64. Kc2 Rd8 65. Kc3 h3 66. Kc4 h2 67. Kc5 h1=Q 68. Kb6 Qc1
69. Kb7 Rd2 70. Kb6 Rb2+ 71. Ka5 Qa1# { White checkmated } 0-1

[Event "ICC tourney 2109 (75 10)"]
[Site "Internet Chess Club"]
[Date "2020.11.08"]
[Round "6"]
[White "gardemarin13"]
[Black "Mozart1"]
[Result "1-0"]
[ICCResult "Black resigns"]
[WhiteElo "1904"]
[BlackElo "1828"]
[Opening "Scotch gambit: Dubois-Réti defense"]
[ECO "C55"]
[NIC "KP.02"]
[Time "14:32:06"]
[PlyCount "109"]
[TimeControl "4500+10"]

1. e4 e5 2. Nf3 Nc6 3. d4 exd4 4. Bc4 Nf6 5. e5 d5 6. Bb5 Ne4 7. Nxd4 Bd7
8. Bxc6 bxc6 9. O-O Be7 10. f3 Nc5 11. f4 O-O 12. f5 Re8 13. Nc3 Bf8 14.
Bf4 Ne4 15. Qg4 Nxc3 16. bxc3 c5 17. e6 cxd4 18. exd7 Qxd7 19. cxd4 Re4 20.
c3 c5 21. Rad1 cxd4 22. cxd4 Rae8 23. Qg3 Qxf5 24. Be5 Qg4 25. Qb3 Qe6 26.
Qb7 f6 27. Bg3 Re7 28. Qb8 Qb6 29. Qa8 Qb7 30. Qd8 Re8 31. Qa5 Bb4 32. Qa4
Bc5 33. Bf2 Bb6 34. Rb1 Qe7 35. Rfe1 f5 36. Qb5 Qe6 37. a4 Bxd4 38. Rxe4
Bxf2+ 39. Kxf2 fxe4 40. Rd1 Rd8 41. Qa5 Rd7 42. Qc5 Qb6 43. Qxb6 axb6 44.
Rb1 Rd6 45. Ke3 Kf7 46. Rc1 Kf6 47. Kd4 h6 48. Rf1+ Ke6 49. Rf8 Ke7 50. Rg8
Kf7 51. Rc8 Kg6 52. Ke5 e3 53. Kxd6 e2 54. Re8 d4 55. Rxe2 { Black resigns
} 1-0

[Event "ICC tourney 2109 (75 10)"]
[Site "Internet Chess Club"]
[Date "2020.11.08"]
[Round "6"]
[White "advaith06"]
[Black "irisl"]
[Result "0-1"]
[ICCResult "White resigns"]
[WhiteElo "1932"]
[BlackElo "1505"]
[Opening "QGD Slav defense: exchange variation"]
[ECO "D10"]
[NIC "SL.01"]
[Time "14:32:19"]
[PlyCount "144"]
[TimeControl "4500+10"]

1. d4 d5 2. c4 c6 3. cxd5 cxd5 4. Bf4 Nc6 5. Nc3 Nf6 6. e3 Bf5 7. Qb3 Qd7
8. Nf3 a6 9. Ne5 Nxe5 10. dxe5 Ne4 11. Na4 Rc8 12. Nb6 Qd8 13. Qa4+ Rc6 14.
Bxa6 Qxb6 15. Bb5 Bd7 16. Qa8+ Qd8 17. Qxd8+ Kxd8 18. Bxc6 Bxc6 19. O-O e6
20. f3 Nc5 21. Rfd1 Be7 22. Rac1 Nd7 23. a3 Bc5 24. Kf2 Ke7 25. b4 Ba7 26.
Bg3 Ra8 27. Rc3 g5 28. h4 h6 29. hxg5 hxg5 30. Rh1 d4 31. Rb3 dxe3+ 32. Ke1
Bd5 33. Rc3 Bd4 34. Rd3 Bb6 35. Rc3 Bc6 36. f4 gxf4 37. Bxf4 Rg8 38. Bxe3
Rxg2 39. Bxb6 Nxb6 40. b5 Bd5 41. Rc7+ Nd7 42. Rh3 Rb2 43. a4 Rb4 44. Ra3
Kd8 45. Rcc3 Nxe5 46. Ke2 f5 47. Rh3 f4 48. Rh8+ Ke7 49. Rah3 Rb2+ 50. Ke1
Nf3+ 51. Kd1 Rd2+ 52. Kc1 Ra2 53. R3h7+ Kd6 54. Rd8+ Ke5 55. Rh3 Ke4 56.
Rc8 Nd4 57. Rh4 e5 58. Re8 Rxa4 59. Rh5 Ra1+ 60. Kd2 Nf3+ 61. Ke2 Bc4+ 62.
Kf2 Rf1+ 63. Kg2 Rg1+ 64. Kf2 Ra1 65. Rhxe5+ Nxe5 66. Kg2 Ra2+ 67. Kh3 f3
68. Rf8 f2 69. b6 f1=Q+ 70. Rxf1 Bxf1+ 71. Kg3 Ke3 72. Kh4 Kf4 { White
resigns } 0-1

[Event "ICC tourney 2109 (75 10)"]
[Site "Internet Chess Club"]
[Date "2020.11.08"]
[Round "6"]
[White "fireheart"]
[Black "karuto2006"]
[Result "0-1"]
[ICCResult "White checkmated"]
[WhiteElo "1582"]
[BlackElo "1719"]
[Opening "Ruy Lopez: Anderssen variation"]
[ECO "C77"]
[NIC "RL.12"]
[Time "14:32:04"]
[PlyCount "184"]
[TimeControl "4500+10"]

1. e4 e5 2. Nf3 Nc6 3. Bb5 a6 4. Ba4 Nf6 5. d3 b5 6. Bb3 Be7 7. c3 d6 8.
Nbd2 O-O 9. Nf1 Na5 10. Bc2 c5 11. Ng3 Re8 12. O-O Bf8 13. d4 Qc7 14. Bg5
Nd7 15. Rc1 f6 16. Be3 Nc4 17. Bb3 Kh8 18. Bxc4 bxc4 19. Qe2 a5 20. Nd2 Ba6
21. Nxc4 d5 22. exd5 exd4 23. cxd4 cxd4 24. Qd2 dxe3 25. Nxe3 Qf4 26. Rfd1
Bb4 27. Qc2 Rac8 28. Qf5 Qxf5 29. Ngxf5 Rxc1 30. Rxc1 g6 31. Nd4 Bc5 32.
Ne6 Bb6 33. Rc6 Bb5 34. Rc1 Ne5 35. b3 Bd7 36. Nf4 Kg7 37. h3 g5 38. Ne2
Nd3 39. Rc3 Nf4 40. Ng3 Bxe3 41. Rc7 Bb6 42. Rxd7+ Kg6 43. Nh1 Re1+ 44. Kh2
Rd1 45. d6 Bc5 46. g3 Bxd6 47. Ra7 Nd3 48. Rxa5 h5 49. Kg2 g4 50. hxg4 hxg4
51. a4 Ne1+ 52. Kf1 Nf3+ 53. Ke2 Rxh1 54. Ra6 Be5 55. a5 Nd4+ 56. Kd3 Nxb3
57. Ra8 Nxa5 58. Rxa5 Kf5 59. Ke3 Rb1 60. Ke2 Rb2+ 61. Ke3 Rb3+ 62. Ke2 Ke4
63. Ra4+ Bd4 64. Ke1 Rb1+ 65. Ke2 Rb2+ 66. Ke1 Kd3 67. Ra3+ Bc3+ 68. Kf1
Rb1+ 69. Kg2 Kc4 70. Ra4+ Rb4 71. Ra2 Kd4 72. Re2 Kd5 73. f3 Be5 74. Rd2+
Ke6 75. fxg4 Rxg4 76. Rd3 Rxg3+ 77. Rxg3 Bxg3 78. Kxg3 Ke5 79. Kg2 Kf4 80.
Kf2 f5 81. Kg2 Ke3 82. Kf1 f4 83. Ke1 f3 84. Kf1 f2 85. Kg2 Ke2 86. Kg3
f1=Q 87. Kh4 Qg1 88. Kh5 Kf3 89. Kh6 Kf4 90. Kh7 Kf5 91. Kh8 Kf6 92. Kh7
Qg7# { White checkmated } 0-1

[Event "ICC tourney 2109 (75 10)"]
[Site "Internet Chess Club"]
[Date "2020.11.08"]
[Round "7"]
[White "VincentT2008"]
[Black "clair"]
[Result "0-1"]
[ICCResult "White resigns"]
[WhiteElo "1730"]
[BlackElo "1657"]
[Opening "Modern defense"]
[ECO "A40"]
[NIC "QO.17"]
[Time "18:04:09"]
[PlyCount "36"]
[TimeControl "4500+10"]

1. d4 g6 2. c4 Bg7 3. Nc3 e6 4. e4 Ne7 5. f3 d5 6. Be3 Nd7 7. cxd5 exd5 8.
exd5 Nb6 9. Qb3 O-O 10. Bd3 Nexd5 11. Nxd5 Nxd5 12. Bf2 Re8+ 13. Ne2 Nf4
14. Kf1 Nxe2 15. Bxe2 Bxd4 16. Rd1 c5 17. g3 Bh3+ 18. Kg1 Rxe2 { White
resigns } 0-1

[Event "ICC tourney 2109 (75 10)"]
[Site "Internet Chess Club"]
[Date "2020.11.08"]
[Round "7"]
[White "PearsonH"]
[Black "StevChess01"]
[Result "1-0"]
[ICCResult "Black checkmated"]
[WhiteElo "1775"]
[BlackElo "1711"]
[Opening "Queen's pawn: London system"]
[ECO "A45"]
[NIC "QP.07"]
[Time "18:03:57"]
[PlyCount "33"]
[TimeControl "4500+10"]

1. d4 Nf6 2. Bf4 g6 3. Nc3 d6 4. e4 Bg7 5. Qd2 O-O 6. O-O-O Nbd7 7. e5 Nh5
8. Bh6 c5 9. Bxg7 Nxg7 10. exd6 exd6 11. dxc5 dxc5 12. Bb5 Qa5 13. Bxd7 Rd8
14. Ne4 Qxa2 15. Nf6+ Kh8 16. Qh6 Bxd7 17. Qxh7# { Black checkmated } 1-0

[Event "ICC tourney 2109 (75 10)"]
[Site "Internet Chess Club"]
[Date "2020.11.08"]
[Round "7"]
[White "chesslin"]
[Black "Natey"]
[Result "0-1"]
[ICCResult "White resigns"]
[WhiteElo "1811"]
[BlackElo "1741"]
[Opening "Queen's pawn: London system"]
[ECO "A45"]
[NIC "QP.07"]
[Time "18:04:46"]
[PlyCount "34"]
[TimeControl "4500+10"]

1. d4 Nf6 2. Bf4 g6 3. Nc3 d5 4. e3 Bg7 5. h4 c5 6. Be5 Nc6 7. Nf3 O-O 8.
h5 Bg4 9. hxg6 hxg6 10. Rh4 Bxf3 11. Qxf3 Nxe5 12. dxe5 Nd7 13. Qxd5 e6 14.
Qc4 Nxe5 15. Qf4 g5 16. Qe4 gxh4 17. f4 Ng6 { White resigns } 0-1

[Event "ICC tourney 2109 (75 10)"]
[Site "Internet Chess Club"]
[Date "2020.11.08"]
[Round "7"]
[White "greenninja"]
[Black "mikoyansuren"]
[Result "0-1"]
[ICCResult "White resigns"]
[WhiteElo "1969"]
[BlackElo "1991"]
[Opening "Sicilian: Anderssen variation"]
[ECO "B41"]
[NIC "SI.41"]
[Time "18:03:52"]
[PlyCount "32"]
[TimeControl "4500+10"]

1. e4 c5 2. Nf3 e6 3. d4 cxd4 4. Nxd4 Nf6 5. Nc3 Nc6 6. Ndb5 Bc5 7. Nd6+
Ke7 8. Nc4 d5 9. exd5 exd5 10. Na3 Qb6 11. Qf3 Re8 12. Be2 Nd4 13. Qg3 Kf8
14. O-O Nxe2+ 15. Nxe2 Rxe2 16. Qf3 Bxf2+ { White resigns } 0-1

[Event "ICC tourney 2109 (75 10)"]
[Site "Internet Chess Club"]
[Date "2020.11.08"]
[Round "7"]
[White "Goran21"]
[Black "Vish1080"]
[Result "1/2-1/2"]
[ICCResult "Game drawn because neither player has mating material"]
[WhiteElo "2038"]
[BlackElo "1814"]
[Opening "QGD Slav: 4.e3"]
[ECO "D11"]
[NIC "SL.01"]
[Time "18:03:55"]
[PlyCount "191"]
[TimeControl "4500+10"]

1. d4 d5 2. c4 c6 3. e3 Nf6 4. Nf3 g6 5. Bd3 Bg7 6. O-O O-O 7. Nbd2 b6 8.
Ne5 Bb7 9. Qb3 e6 10. a4 dxc4 11. Bxc4 Nbd7 12. Ndf3 Nxe5 13. Nxe5 Nd7 14.
Nf3 a6 15. e4 b5 16. Bd3 e5 17. Bg5 Qc7 18. axb5 axb5 19. dxe5 Nxe5 20.
Nxe5 Qxe5 21. Rxa8 Rxa8 22. Bc1 Qd4 23. Qc2 c5 24. Be3 Qxb2 25. Qxc5 Qe5
26. Qc2 Rc8 27. Qb1 Qb2 28. Qxb2 Bxb2 29. Rb1 Ba3 30. Rxb5 Ba6 31. Rb3 Bxd3
32. Rxd3 Bc1 33. g3 Bxe3 34. Rxe3 Kg7 35. h4 h5 36. Kg2 Re8 37. Kf3 Kf6 38.
Kf4 Rd8 39. e5+ Ke6 40. Ke4 Ra8 41. Rd3 Ra4+ 42. Rd4 Ra1 43. Rd6+ Ke7 44.
f3 Re1+ 45. Kf4 Re2 46. Rb6 Re1 47. g4 hxg4 48. fxg4 Rf1+ 49. Kg5 Re1 50.
e6 Re5+ 51. Kh6 Re4 52. h5 Rxg4 53. exf7 gxh5 54. Rf6 Kf8 55. Kxh5 Rg7 56.
Ra6 Kxf7 57. Kh6 Rg1 58. Ra7+ Kf6 59. Ra6+ Kf7 60. Ra2 Rh1+ 61. Kg5 Rg1+
62. Kf4 Rf1+ 63. Ke5 Re1+ 64. Kd4 Rd1+ 65. Ke3 Rd6 66. Ke4 Re6+ 67. Kf5 Re1
68. Rf2 Ke7 69. Rh2 Ra1 70. Rh7+ Kd6 71. Rh6+ Ke7 72. Rh8 Ra5+ 73. Ke4 Ra4+
74. Kd5 Ra1 75. Rh6 Rd1+ 76. Ke5 Re1+ 77. Kd5 Rd1+ 78. Ke5 Re1+ 79. Kf4
Rf1+ 80. Kg3 Ra1 81. Rh7+ Kf6 82. Rh4 Ra3+ 83. Kg2 Kg5 84. Rb4 Ra2+ 85. Kf3
Ra3+ 86. Ke4 Ra1 87. Rb2 Re1+ 88. Kf3 Re6 89. Rc2 Rf6+ 90. Kg3 Ra6 91. Rc5+
Kf6 92. Rc3 Ra1 93. Rf3+ Ke5 94. Kg2 Ra2+ 95. Rf2 Rxf2+ 96. Kxf2 { Game
drawn because neither player has mating material } 1/2-1/2

[Event "ICC tourney 2109 (75 10)"]
[Site "Internet Chess Club"]
[Date "2020.11.08"]
[Round "7"]
[White "karuto2006"]
[Black "Chess121"]
[Result "1-0"]
[ICCResult "Black checkmated"]
[WhiteElo "1720"]
[BlackElo "1470"]
[Opening "French: Tarrasch, closed variation"]
[ECO "C05"]
[NIC "FR.17"]
[Time "18:04:46"]
[PlyCount "117"]
[TimeControl "4500+10"]

1. e4 e6 2. d4 d5 3. Nd2 Nf6 4. e5 Nfd7 5. Bd3 c5 6. c3 Nc6 7. Ne2 Qb6 8.
Nf3 Be7 9. O-O O-O 10. Re1 cxd4 11. cxd4 Nb4 12. Bb1 Re8 13. a3 Qa6 14. Bf4
b6 15. axb4 Qc4 16. Qc2 Qxc2 17. Bxc2 Bxb4 18. Bd2 Bxd2 19. Nxd2 Bb7 20.
Bd3 a6 21. Rec1 Rec8 22. Rxc8+ Rxc8 23. Rc1 Rxc1+ 24. Nxc1 g6 25. f4 Kf8
26. Kf2 Ke8 27. Nf3 h6 28. g4 b5 29. Nb3 Nb6 30. Nc5 Bc8 31. b3 Ke7 32. Nh4
Nd7 33. Nxd7 Kxd7 34. Nf3 Bb7 35. b4 Bc6 36. Nd2 Kc7 37. Nb3 Bb7 38. Nc5
Bc8 39. h4 Kd8 40. Kg3 Ke7 41. h5 gxh5 42. g5 hxg5 43. fxg5 Kf8 44. Kh4 Kg7
45. Kxh5 Kf8 46. Kh6 Ke8 47. Kg7 Ke7 48. Bh7 Ke8 49. Kf6 Kf8 50. g6 fxg6
51. Bxg6 Kg8 52. Nxe6 Bxe6 53. Kxe6 Kg7 54. Bd3 Kf8 55. Kxd5 Ke7 56. e6 Ke8
57. Kd6 Kd8 58. e7+ Ke8 59. Bg6# { Black checkmated } 1-0

[Event "ICC tourney 2109 (75 10)"]
[Site "Internet Chess Club"]
[Date "2020.11.08"]
[Round "7"]
[White "IAlwaysWin"]
[Black "joeandjoe56"]
[Result "1-0"]
[ICCResult "Black resigns"]
[WhiteElo "1981"]
[BlackElo "1730"]
[Opening "Réti opening"]
[ECO "A05"]
[NIC "QP.11"]
[Time "18:04:46"]
[PlyCount "61"]
[TimeControl "4500+10"]

1. Nf3 Nf6 2. b3 g6 3. Bb2 Bg7 4. c4 O-O 5. g3 d5 6. cxd5 Nxd5 7. Bxg7 Kxg7
8. Bg2 c5 9. O-O Nc6 10. Qc1 Qd6 11. Qb2+ Nf6 12. e4 e5 13. Nc3 Rd8 14. Nb5
Qe7 15. Rac1 b6 16. a3 Ba6 17. a4 Rac8 18. Rfe1 Bxb5 19. axb5 Nd4 20. Nxd4
cxd4 21. Rc6 Ne8 22. Rec1 Nd6 23. Bh3 Rxc6 24. bxc6 Qc7 25. f3 a5 26. b4
axb4 27. Qxb4 Ra8 28. Qb3 Ra5 29. Bd7 Nb7 30. Rb1 Ra6 31. cxb7 { Black
resigns } 1-0

[Event "ICC tourney 2109 (75 10)"]
[Site "Internet Chess Club"]
[Date "2020.11.08"]
[Round "7"]
[White "goodcrowdchess"]
[Black "andrewf2009"]
[Result "1-0"]
[ICCResult "Black checkmated"]
[WhiteElo "1696"]
[BlackElo "1700"]
[Opening "Sicilian: Richter-Rauzer, Rauzer attack, 7...a6"]
[ECO "B66"]
[NIC "SI.27"]
[Time "18:04:34"]
[PlyCount "45"]
[TimeControl "4500+10"]

1. e4 c5 2. Nf3 Nc6 3. d4 cxd4 4. Nxd4 Nf6 5. Nc3 d6 6. Bg5 e6 7. Qd2 a6 8.
f3 Bd7 9. O-O-O b5 10. g4 Be7 11. h4 Qb6 12. Be3 Qc7 13. Kb1 Rc8 14. h5 O-O
15. g5 Ne8 16. g6 f6 17. h6 Kh8 18. hxg7+ Nxg7 19. Rxh7+ Kg8 20. Rh8+ Kxh8
21. Qh2+ Nh5 22. Qxh5+ Kg7 23. Qh7# { Black checkmated } 1-0

[Event "ICC tourney 2109 (75 10)"]
[Site "Internet Chess Club"]
[Date "2020.11.08"]
[Round "7"]
[White "TacticalVM"]
[Black "TheSuperKing"]
[Result "1-0"]
[ICCResult "Black resigns"]
[WhiteElo "1704"]
[BlackElo "1713"]
[Opening "Ruy Lopez: closed, Chigorin defense"]
[ECO "C97"]
[NIC "RL.23"]
[Time "18:03:52"]
[PlyCount "141"]
[TimeControl "4500+10"]

1. e4 e5 2. Nf3 Nc6 3. Bb5 a6 4. Ba4 Nf6 5. O-O Be7 6. Re1 b5 7. Bb3 d6 8.
c3 O-O 9. h3 Na5 10. Bc2 c5 11. d4 Qc7 12. d5 Nc4 13. b3 Nb6 14. Nbd2 a5
15. Nf1 b4 16. cxb4 axb4 17. Bg5 c4 18. bxc4 Nxc4 19. Rc1 Na5 20. Ng3 h6
21. Bd2 Qb7 22. Rb1 Qa6 23. Bxb4 Bd7 24. Bd3 Qa7 25. Nxe5 Bxh3 26. Bxa5
dxe5 27. Bb6 Qd7 28. gxh3 Qxh3 29. Bf1 Qd7 30. Nf5 Bd8 31. Bb5 Qc8 32. d6
Qe6 33. Bxd8 Raxd8 34. Qf3 Kh7 35. Qh3 Qxa2 36. Qh4 Qe6 37. Re3 Ng8 38. Rg3
g6 39. Nxh6 Nxh6 40. Bc4 Qxd6 41. Rh3 g5 42. Qh5 Qg6 43. Bxf7 Rxf7 44.
Qxg6+ Kxg6 45. Rb6+ Kg7 46. Rhxh6 Rd1+ 47. Kg2 Rd2 48. Rhg6+ Kh7 49. Rbf6
Rd4 50. f3 g4 51. Rh6+ Kg7 52. Rfg6+ Kf8 53. Rxg4 Re7 54. Rg5 Ra4 55. Rhh5
Ra5 56. f4 Ra2+ 57. Kg3 Ra3+ 58. Kg4 exf4 59. Kxf4 Ra6 60. Rh8+ Kf7 61.
Rh7+ Ke8 62. Rh8+ Kd7 63. Rd5+ Kc7 64. Rf8 Rae6 65. e5 Re8 66. Rxe8 Rxe8
67. Kf5 Rd8 68. Rxd8 Kxd8 69. Kf6 Ke8 70. Ke6 Kf8 71. Kd7 { Black resigns }
1-0

[Event "ICC tourney 2109 (75 10)"]
[Site "Internet Chess Club"]
[Date "2020.11.08"]
[Round "7"]
[White "Niteshc"]
[Black "DanielA1926"]
[Result "0-1"]
[ICCResult "White checkmated"]
[WhiteElo "1610"]
[BlackElo "1567"]
[Opening "Sicilian: Smith-Morra gambit"]
[ECO "B21"]
[NIC "SI.48"]
[Time "18:03:53"]
[PlyCount "98"]
[TimeControl "4500+10"]

1. e4 c5 2. d4 cxd4 3. c3 dxc3 4. Nxc3 e6 5. Nf3 Bb4 6. Bd2 Ne7 7. a3 Bxc3
8. Bxc3 O-O 9. Bc4 d5 10. exd5 Nxd5 11. Bxd5 exd5 12. O-O Be6 13. Qd4 f6
14. Ng5 Nc6 15. Nxe6 Nxd4 16. Nxd8 Ne2+ 17. Kh1 Rfxd8 18. Bb4 Nd4 19. Rad1
Nc6 20. Bc5 Rd7 21. Rd2 Rad8 22. Rfd1 g5 23. b4 b6 24. Bd4 Nxd4 25. Rxd4
Kf7 26. h3 Ke6 27. Kh2 Rc8 28. R1d3 Rc4 29. Kg3 Rxd4 30. Rxd4 Ke5 31. Rd1
d4 32. Kf3 Kd5 33. Ke2 Rc7 34. Rd3 Rc2+ 35. Rd2 Rxd2+ 36. Kxd2 Kc4 37. Kc2
b5 38. g3 d3+ 39. Kd2 Kd4 40. f3 f5 41. g4 f4 42. Ke1 Ke3 43. Kd1 d2 44.
Kc2 Ke2 45. Kc3 d1=Q 46. Kb2 Kd2 47. Ka2 Qc2+ 48. Ka1 Kc1 49. h4 Qb2# {
White checkmated } 0-1

[Event "ICC tourney 2109 (75 10)"]
[Site "Internet Chess Club"]
[Date "2020.11.08"]
[Round "7"]
[White "kwen2008"]
[Black "Nikhilp"]
[Result "1-0"]
[ICCResult "Black resigns"]
[WhiteElo "1730"]
[BlackElo "1730"]
[Opening "King's Indian: fianchetto, Uhlmann (Szabo) variation"]
[ECO "E62"]
[NIC "KI.72"]
[Time "18:03:53"]
[PlyCount "89"]
[TimeControl "4500+10"]

1. d4 Nf6 2. c4 g6 3. g3 Bg7 4. Bg2 O-O 5. Nf3 d6 6. O-O Nc6 7. Nc3 e5 8.
dxe5 Nxe5 9. Nxe5 dxe5 10. Qxd8 Rxd8 11. Bg5 h6 12. Bxf6 Bxf6 13. Nd5 Bg7
14. Nxc7 Rb8 15. Rad1 Bd7 16. b3 Bc6 17. Nd5 Rd7 18. Rd2 Kf8 19. Rfd1 Rbd8
20. Bh3 Rd6 21. e4 b6 22. b4 Ba4 23. Rb1 Rc6 24. Bf1 h5 25. b5 Rcc8 26.
Rdb2 Rxd5 27. exd5 e4 28. Rb4 Bc2 29. Rc1 Bc3 30. a3 Bxb4 31. axb4 Bb3 32.
Rc3 Ba2 33. d6 Ke8 34. c5 Kd7 35. Ra3 Bb1 36. Rxa7+ Ke6 37. Bc4+ Ke5 38. d7
Rd8 39. c6 Bd3 40. Bxd3 exd3 41. Ra1 Kd4 42. c7 Rxd7 43. c8=Q Rd5 44. Qc1
Ke5 45. Qf4+ { Black resigns } 1-0

[Event "ICC tourney 2109 (75 10)"]
[Site "Internet Chess Club"]
[Date "2020.11.08"]
[Round "7"]
[White "bg26723"]
[Black "bonnelleo1"]
[Result "1-0"]
[ICCResult "Black resigns"]
[WhiteElo "1929"]
[BlackElo "1878"]
[Opening "French: King's Indian attack"]
[ECO "C00"]
[NIC "FR.02"]
[Time "18:04:01"]
[PlyCount "61"]
[TimeControl "4500+10"]

1. e4 e6 2. d3 d5 3. Nd2 Nf6 4. g3 c5 5. Bg2 Be7 6. Ngf3 b5 7. c3 Bb7 8. e5
Nfd7 9. O-O Nc6 10. Re1 Qc7 11. d4 cxd4 12. cxd4 a5 13. Nf1 Rc8 14. Bf4 h6
15. h4 Nb6 16. Rc1 Qd7 17. Qb3 Ba6 18. Ne3 a4 19. Qd1 Qa7 20. Bf1 Kd7 21.
Nc2 b4 22. Ne3 Na5 23. Nxd5 exd5 24. Bh3+ Kd8 25. Bxc8 Bxc8 26. e6 Bxe6 27.
Bc7+ Ke8 28. Rxe6 fxe6 29. Ne5 g6 30. Qg4 Rg8 31. Qxe6 { Black resigns }
1-0

[Event "ICC tourney 2109 (75 10)"]
[Site "Internet Chess Club"]
[Date "2020.11.08"]
[Round "7"]
[White "pika0008"]
[Black "Mozart1"]
[Result "1-0"]
[ICCResult "Black resigns"]
[WhiteElo "1785"]
[BlackElo "1823"]
[Opening "Réti opening"]
[ECO "A11"]
[NIC "QP.09"]
[Time "18:03:59"]
[PlyCount "65"]
[TimeControl "4500+10"]

1. Nf3 d5 2. c4 c6 3. e3 e6 4. Nc3 Nf6 5. b3 Bd6 6. Bb2 O-O 7. Qc2 Re8 8.
Rg1 dxc4 9. Bxc4 b5 10. Bd3 e5 11. Ne4 g6 12. h4 Nd5 13. a3 f5 14. Nxd6
Qxd6 15. Be2 f4 16. e4 Nf6 17. O-O-O Ng4 18. d4 exd4 19. Rxd4 Qe7 20. h5 g5
21. g3 Kf8 22. gxf4 gxf4 23. e5 Qf7 24. Ng5 Qxh5 25. Rxf4+ Ke7 26. Qc5+ Kd8
27. Qd6+ Bd7 28. Bc3 a5 29. Bxa5+ Rxa5 30. Qxb8+ Ke7 31. Qd6+ Kd8 32. Bxg4
Ra7 33. Bxh5 { Black resigns } 1-0